[ PARTIDA AOE2 · #480775418 ]
1v1 RMItalianos vs Saracens
Equipo del jugador · DERR
Equipo rival · VICT
[ ANÁLISIS DE REPETICIÓN · EXTRAÍDO DE LA PARTIDA GRABADA ]
Feudal
9:43
Castillos
17:20
Imperial
—
| APM promedio | 39.1 |
| APM pico | 62 |
| eAPM promedio | 17.8 |
| Aldeanos / militares | 40 / 7 |
Foco
⚔️ 37.1% · 🌾 62.9%
Genoese Crossbowman ×4 · Militia ×3
Feudal
11:08
Castillos
19:53
Imperial
—
| APM promedio | 50.6 |
| APM pico | 76 |
| eAPM promedio | 16.9 |
| Aldeanos / militares | 41 / 30 |
Foco
⚔️ 47.5% · 🌾 52.5%
Archer ×27 · Militia ×3
Mapa de la partida
Recursos iniciales + cada clic de construcción. Líneas = muros · curvas = relieve. ◆ oro · ⬟ piedra · ● bayas · ✦ reliquia · ◌ hueco del cierre
Tu base· Abierta — flanco sin cerrar
Base de Ram Burger· Abierta — flanco sin cerrar
Terreno inicial suavizado · ◌ = hueco del cierre detectado · pasá el cursor para detalles
Inputs por minuto
— _hugo - - Ram Burger
Build order — _hugo
104 acciones detectadas en el replay
| 0:01 | Crear | Villager (Male) ×4 |
| 0:02 | Construir | House |
| 0:02 | Construir | House |
| 1:27 | Crear | Villager (Male) |
| 1:28 | Crear | Villager (Male) |
| 1:36 | Crear | Villager (Male) |
| 2:01 | Construir | Lumber Camp |
| 2:13 | Crear | Villager (Male) |
| 2:36 | Crear | Villager (Male) |
| 3:05 | Crear | Villager (Male) |
| 3:22 | Construir | House |
| 3:33 | Crear | Villager (Male) |
| 3:50 | Crear | Villager (Male) |
| 4:01 | Construir | Palisade Wall |
| 4:30 | Crear | Villager (Male) |
| 4:52 | Crear | Villager (Male) ×2 |
| 5:04 | Construir | House |
| 5:11 | Crear | Villager (Male) |
| 5:30 | Crear | Villager (Male) |
| 6:25 | Construir | Barracks |
| 6:33 | Crear | Villager (Male) |
| 6:36 | Investigar | Loom |
| 6:44 | Construir | Mining Camp |
| 7:33 | Investigar | Feudal Age |
| 7:34 | Investigar | Feudal Age |
| 7:37 | Construir | House |
| 7:38 | Crear | Militia ×2 |
| 7:58 | Construir | House |
| 8:04 | Crear | Militia |
| 8:16 | Construir | Palisade Wall |
| 8:18 | Construir | Palisade Wall |
| 8:28 | Construir | House |
| 8:49 | Crear | Villager (Male) |
| 9:35 | Crear | Villager (Male) |
| 9:43 | Edad | Edad Feudal |
| 9:48 | Investigar | Double-Bit Axe |
| 10:08 | Construir | Archery Range |
| 10:10 | Crear | Villager (Male) |
| 10:19 | Construir | Blacksmith |
| 10:26 | Construir | Mill |
| 10:36 | Construir | House |
| 10:48 | Crear | Villager (Male) |
| 10:56 | Construir | Palisade Wall |
| 11:09 | Construir | Market |
| 11:14 | Crear | Villager (Male) |
| 11:27 | Crear | Villager (Male) |
| 11:30 | Construir | Farm |
| 11:32 | Construir | Farm |
| 11:33 | Construir | Farm |
| 11:51 | Construir | Farm |
| 11:59 | Crear | Villager (Male) |
| 12:10 | Construir | Palisade Wall |
| 12:14 | Crear | Villager (Male) |
| 12:51 | Crear | Villager (Male) |
| 13:09 | Crear | Villager (Male) |
| 13:32 | Construir | Palisade Wall |
| 13:47 | Crear | Villager (Male) |
| 14:08 | Construir | Palisade Wall |
| 14:10 | Construir | Palisade Wall |
| 14:32 | Construir | Mining Camp |
| 14:40 | Investigar | Castle Age |
| 14:41 | Investigar | Castle Age |
| 14:46 | Construir | Palisade Wall |
| 14:55 | Construir | House |
| 15:10 | Construir | Palisade Wall |
| 15:13 | Construir | Palisade Wall |
| 15:15 | Construir | Palisade Wall |
| 15:54 | Construir | Palisade Wall |
| 15:57 | Construir | Palisade Wall |
| 15:57 | Construir | Palisade Wall |
| 16:00 | Construir | Palisade Wall |
| 16:17 | Construir | Palisade Wall |
| 16:30 | Investigar | Stone Mining |
| 16:33 | Investigar | Horse Collar |
| 16:43 | Construir | Watch Tower |
| 17:11 | Construir | Lumber Camp |
| 17:16 | Construir | Lumber Camp |
| 17:20 | Edad | Edad de los Castillos |
| 17:23 | Crear | Villager (Male) |
| 17:25 | Crear | Villager (Male) |
| 17:45 | Construir | Palisade Wall |
| 18:23 | Construir | Mining Camp |
| 18:28 | Construir | Lumber Camp |
| 18:38 | Crear | Villager (Male) |
| 18:58 | Crear | Villager (Male) |
| 19:04 | Construir | Palisade Wall |
| 19:07 | Construir | Palisade Wall |
| 19:16 | Crear | Villager (Male) |
| 19:54 | Construir | Castle |
| 20:02 | Crear | Villager (Male) |
| 20:03 | Crear | Villager (Male) |
| 20:23 | Construir | Blacksmith |
| 20:47 | Crear | Genoese Crossbowman ×2 |
| 21:20 | Crear | Villager (Male) |
| 21:21 | Crear | Villager (Male) |
| 21:25 | Crear | Genoese Crossbowman |
| 21:38 | Construir | Lumber Camp |
| 21:56 | Crear | Genoese Crossbowman |
| 22:02 | Crear | Villager (Male) |
| 22:29 | Construir | Farm |
| 22:33 | Construir | Farm |
| 22:35 | Construir | Farm |
| 22:40 | Construir | Farm |
| 23:12 | Crear | Villager (Male) |
Build order — Ram Burger
120 acciones detectadas en el replay
| 0:00 | Crear | Villager (Male) |
| 0:00 | Crear | Villager (Male) |
| 0:01 | Crear | Villager (Male) |
| 0:01 | Crear | Villager (Male) |
| 0:02 | Construir | House |
| 0:03 | Construir | House |
| 1:26 | Crear | Villager (Male) |
| 1:55 | Crear | Villager (Male) |
| 2:09 | Construir | Lumber Camp |
| 2:17 | Crear | Villager (Male) |
| 2:18 | Crear | Villager (Male) |
| 2:30 | Crear | Villager (Male) |
| 3:12 | Crear | Villager (Male) |
| 3:12 | Crear | Villager (Male) |
| 3:34 | Crear | Villager (Male) |
| 3:42 | Crear | Villager (Male) |
| 3:51 | Construir | House |
| 3:56 | Construir | House |
| 4:01 | Crear | Villager (Male) |
| 4:27 | Crear | Villager (Male) |
| 4:43 | Crear | Villager (Male) |
| 5:00 | Construir | Barracks |
| 5:07 | Construir | House |
| 5:24 | Crear | Villager (Male) |
| 5:25 | Crear | Villager (Male) |
| 5:26 | Crear | Villager (Male) |
| 5:54 | Crear | Militia |
| 6:20 | Crear | Militia |
| 6:20 | Crear | Militia |
| 6:26 | Construir | Mill |
| 7:00 | Crear | Villager (Male) |
| 7:43 | Crear | Villager (Male) |
| 7:43 | Crear | Villager (Male) |
| 7:44 | Investigar | Loom |
| 7:45 | Crear | Villager (Male) |
| 8:46 | Investigar | Feudal Age |
| 8:48 | Construir | Mining Camp |
| 10:07 | Construir | Lumber Camp |
| 10:12 | Construir | Farm |
| 10:15 | Construir | Farm |
| 10:55 | Crear | Villager (Male) |
| 10:55 | Crear | Villager (Male) |
| 11:08 | Edad | Edad Feudal |
| 11:12 | Construir | Archery Range |
| 11:34 | Construir | Archery Range |
| 11:36 | Crear | Villager (Male) |
| 11:57 | Construir | House |
| 12:10 | Crear | Villager (Male) |
| 12:11 | Crear | Archer |
| 12:21 | Crear | Archer |
| 12:33 | Construir | House |
| 12:35 | Crear | Villager (Male) |
| 12:37 | Crear | Archer |
| 12:47 | Construir | Blacksmith |
| 12:50 | Crear | Villager (Male) |
| 12:55 | Crear | Villager (Male) |
| 12:57 | Crear | Villager (Male) |
| 13:03 | Crear | Archer |
| 13:03 | Crear | Archer |
| 13:08 | Investigar | Double-Bit Axe |
| 13:27 | Crear | Archer |
| 13:30 | Investigar | Fletching |
| 13:30 | Investigar | Fletching |
| 13:34 | Construir | House |
| 13:49 | Crear | Villager (Male) |
| 13:52 | Crear | Archer |
| 13:54 | Construir | House |
| 13:59 | Crear | Archer |
| 14:05 | Construir | Farm |
| 14:24 | Crear | Archer |
| 14:26 | Construir | Farm |
| 14:46 | Construir | Farm |
| 14:48 | Crear | Archer |
| 15:15 | Crear | Archer |
| 15:27 | Crear | Villager (Male) |
| 15:29 | Construir | Mining Camp |
| 16:15 | Construir | Market |
| 16:28 | Crear | Villager (Male) |
| 17:13 | Investigar | Castle Age |
| 17:14 | Investigar | Castle Age |
| 17:26 | Crear | Archer |
| 17:26 | Crear | Archer |
| 17:32 | Crear | Villager (Male) |
| 18:23 | Crear | Archer |
| 18:24 | Crear | Archer |
| 18:30 | Crear | Archer |
| 18:30 | Crear | Archer |
| 19:04 | Crear | Archer |
| 19:04 | Crear | Archer |
| 19:06 | Investigar | Padded Archer Armor |
| 19:53 | Edad | Edad de los Castillos |
| 20:03 | Investigar | Bodkin Arrow |
| 20:03 | Investigar | Bodkin Arrow |
| 20:11 | Investigar | Crossbowman (upgrade) |
| 20:11 | Investigar | Crossbowman (upgrade) |
| 20:14 | Construir | University |
| 20:18 | Crear | Villager (Male) |
| 20:19 | Crear | Archer |
| 20:51 | Crear | Villager (Male) |
| 20:54 | Crear | Archer |
| 21:06 | Investigar | Ballistics |
| 21:09 | Crear | Villager (Male) |
| 21:20 | Crear | Archer |
| 21:20 | Crear | Archer |
| 21:42 | Construir | Castle |
| 21:45 | Construir | Lumber Camp |
| 21:46 | Crear | Villager (Male) |
| 22:00 | Construir | House |
| 22:00 | Construir | Farm |
| 22:07 | Investigar | Wheelbarrow |
| 22:19 | Crear | Villager (Male) |
| 22:20 | Crear | Archer |
| 22:21 | Crear | Archer |
| 22:31 | Construir | House |
| 22:31 | Construir | House |
| 22:31 | Construir | House |
| 22:32 | Construir | House |
| 22:34 | Crear | Villager (Male) |
| 22:41 | Crear | Archer |
| 22:41 | Crear | Archer |
Cronología de la partida
| 4:01 | _hugo · wall_segment Palisade Wall x1 |
| 5:00 | Ram Burger · first_building Barracks |
| 6:25 | _hugo · first_building Barracks |
| 8:16 | _hugo · wall_segment Palisade Wall x1 |
| 8:18 | _hugo · wall_segment Palisade Wall x1 |
| 9:43 | _hugo · age_up feudal |
| 10:08 | _hugo · first_building Archery Range |
| 10:56 | _hugo · wall_segment Palisade Wall x5 |
| 11:08 | Ram Burger · age_up feudal |
| 11:12 | Ram Burger · first_building Archery Range |
| 11:56 | _hugo · first_market_sell 500 stone |
| 11:57 | _hugo · first_market_buy 500 food |
| 12:10 | _hugo · wall_segment Palisade Wall x9 |
| 13:32 | _hugo · wall_segment Palisade Wall x8 |
| 14:08 | _hugo · wall_segment Palisade Wall x3 |
| 14:10 | _hugo · wall_segment Palisade Wall x5 |
| 14:46 | _hugo · wall_segment Palisade Wall x4 |
| 15:10 | _hugo · wall_segment Palisade Wall x1 |
| 15:13 | _hugo · wall_segment Palisade Wall x1 |
| 15:15 | _hugo · wall_segment Palisade Wall x1 |
| 15:54 | _hugo · wall_segment Palisade Wall x2 |
| 15:57 | _hugo · wall_segment Palisade Wall x2 |
| 15:57 | _hugo · wall_segment Palisade Wall x1 |
| 16:00 | _hugo · wall_segment Palisade Wall x8 |
| 16:17 | _hugo · wall_segment Palisade Wall x1 |
| 16:54 | Ram Burger · first_market_buy 100 food |
| 16:57 | Ram Burger · first_market_sell 100 wood |
| 17:20 | _hugo · age_up castle |
| 17:45 | _hugo · wall_segment Palisade Wall x1 |
| 19:04 | _hugo · wall_segment Palisade Wall x1 |
| 19:07 | _hugo · wall_segment Palisade Wall x1 |
| 19:53 | Ram Burger · age_up castle |
| 19:54 | _hugo · first_building Castle |
| 21:42 | Ram Burger · first_building Castle |
| 23:21 | _hugo · resign |
[ ANÁLISIS IA · 1 CRÉDITO ]
¿Qué pasó realmente en esta partida?
Wolo.gg analiza cada decisión: build order, eco, micro, errores típicos por bracket. Análisis personalizado por WhatsApp o Discord en 30 segundos.
Guía civ
Italianos
Guía mapa
Arabia
Perfil
_hugo